Map: [ESL] Oceanborn

Players

SKillous

  • Race: Protoss Protoss
  • League: Grandmaster
  • Spawn Location: 5:00

Spirit (souL) - Winner!

  • Race: Terran Terran
  • League: Master
  • Spawn Location: 11:00

VOD

Have the link to the VOD?

Description

Time

  • Played on: Nov. 25, 2023, 10:55 a.m.
  • Length: 14:31
Show
View Real Time Build Order
Export as new Build Order

SKillous Protoss 

Build Orders: 1 Gate Expand, Blink Stalkers 

Get SALT Encoding   

  12  0:00  Probe  
  13  0:12  Probe  
  14  0:18  Pylon  
  14  0:24  Probe  
  15  0:36  Gateway  
  15  0:37  Probe (Chrono Boost)  
  16  0:44  Assimilator  
  16  0:46  Probe (Chrono Boost)  
  17  0:52  Probe (Chrono Boost)  
  18  1:04  Probe  
  19  1:16  Probe  
  20  1:23  Cybernetics Core  
  20  1:31  Nexus  
  20  1:38  Pylon  
  20  1:41  Probe  
  21  1:49  Assimilator  
  21  1:53  Probe  
  22  1:56  Adept (Chrono Boost)  
  24  2:01  Warp Gate  
  24  2:05  Probe  
  25  2:17  Probe (Chrono Boost)  
  25  2:19  Adept  
  27  2:28  Twilight Council  
  28  2:30  Probe (Chrono Boost)  
  28  2:36  Probe (Chrono Boost)  
  29  2:38  Gateway  
  29  2:44  Probe (Chrono Boost)  
  29  2:49  Stalker  
  29  2:50  Probe (Chrono Boost)  
  33  3:00  Blink (Chrono Boost), Probe x2  
  33  3:12  Probe  
  34  3:13  Probe  
  35  3:24  Robotics Facility, Probe  
  36  3:27  Probe  
  36  3:30  Pylon  
  37  3:40  Probe  
  38  3:42  Probe  
  39  3:52  Stalker  
  39  3:53  Nexus, Probe  
  42  3:58  Stalker  
  42  3:59  Probe  
  45  4:03  Pylon  
  45  4:07  Probe  
  46  4:10  Pylon  
  46  4:12  Probe  
  46  4:16  Stalker, Observer  
  50  4:21  Probe  
  51  4:24  Stalker  
  51  4:25  Probe  
  51  4:29  Assimilator  
  54  4:33  Probe  
  54  4:34  Pylon  
  56  4:39  Forge, Observer  
  56  4:41  Probe  
  57  4:47  Charge  
  57  4:49  Probe  
  58  4:56  Gateway  
  58  4:58  Gateway, Stalker  
  60  5:02  Observer  
  60  5:05  Probe (Chrono Boost)  
  60  5:06  Probe (Chrono Boost)  
  64  5:08  Observer, Probe (Chrono Boost)  
  64  5:10  Protoss Ground Weapons Level 1 (Chrono Boost)  
  64  5:14  Probe (Chrono Boost)  
  65  5:16  Probe (Chrono Boost)  
  65  5:17  Probe (Chrono Boost)  
  65  5:19  Probe (Chrono Boost)  
  68  5:26  Probe  
  68  5:27  Probe  
  71  5:28  Gateway x2  
  71  5:31  Observer  
  71  5:33  Stalker  
  74  5:35  Probe  
  74  5:37  Shield Battery  
  74  5:40  Stalker  
  74  5:41  Probe  
  77  5:43  Probe  
  77  5:47  Probe  
  77  5:48  Observer  
  77  5:53  Probe  
  77  5:55  Probe  
  77  5:56  Pylon  
  79  5:59  Probe  
  79  6:01  Gateway  
  79  6:02  Warp Prism (Chrono Boost)  
  80  6:04  Gateway  
  80  6:05  Probe  
  80  6:07  Sentry  
  80  6:08  Sentry  
  87  6:13  Shield Battery  
  87  6:14  Shield Battery  
  87  6:15  Pylon  
  86  6:23  Sentry  
  86  6:24  Zealot x3  
  94  6:30  Zealot, Pylon  
  94  6:31  Zealot  
  98  6:46  Pylon  
  97  6:49  Zealot x4  
  101  6:59  Protoss Ground Armor Level 1 (Chrono Boost)  
  101  7:00  Zealot x4  
  103  7:04  Forge  
  103  7:11  Zealot x4  
  111  7:20  Stalker, Nexus  
  111  7:21  Stalker  
  111  7:22  Pylon  
  115  7:24  Stalker  
  115  7:28  Stalker  
  115  7:29  Observer (Chrono Boost)  
  120  7:33  Probe  
  121  7:40  Observer  
  121  7:41  Zealot x4  
  126  7:45  Probe, Photon Cannon  
  114  7:51  Zealot x3  
  114  7:54  Probe  
  114  7:55  Probe  
  102  8:01  Observer  
  102  8:02  Zealot x3  
  86  8:08  Probe (Chrono Boost)  
  86  8:09  Zealot x2, Probe (Chrono Boost)  
  88  8:18  Probe (Chrono Boost)  
  88  8:19  Probe (Chrono Boost)  
  88  8:20  Probe (Chrono Boost)  
  88  8:22  Stalker  
  88  8:23  Stalker  
  88  8:25  Protoss Ground Weapons Level 2 (Chrono Boost), Probe (Chrono Boost)  
  93  8:33  Probe  
  94  8:35  Probe  
  94  8:38  Warp Prism (Chrono Boost), Probe  
  96  8:47  Probe  
  96  8:48  Robotics Bay  
  100  8:51  Shield Battery  
  100  8:54  Sentry x2, Photon Cannon  
  103  9:02  Probe  
  104  9:04  Shield Battery  
  104  9:05  Protoss Ground Armor Level 2 (Chrono Boost)  
  104  9:07  Probe  
  105  9:11  Pylon  
  105  9:19  Probe x4  
  105  9:22  Assimilator  
  105  9:23  Assimilator  
  110  9:31  Probe x3  
  110  9:32  Colossus (Chrono Boost)  
  110  9:36  Zealot x4  
  110  9:37  Zealot  
  128  9:48  Pylon  
  128  9:49  Zealot x3  
  134  10:01  Zealot x5  
  140  10:12  Zealot x3  
  134  10:15  Colossus (Chrono Boost)  
  135  10:22  Zealot x5  
  135  10:28  Probe  
  123  10:32  Zealot  
  123  10:33  Zealot x2  
  118  10:38  Observer  
  118  10:41  Probe  
  99  10:44  Zealot x5  
  99  10:46  Probe x2 (Chrono Boost)  
  99  10:47  Probe (Chrono Boost)  
  110  10:50  Protoss Ground Weapons Level 3 (Chrono Boost)  
  110  10:57  Probe (Chrono Boost)  
  110  10:58  Colossus (Chrono Boost)  
  110  10:59  Probe (Chrono Boost)  
  110  11:01  Sentry  
  110  11:03  Sentry  
  124  11:05  Probe (Chrono Boost)  
  124  11:07  Probe x2 (Chrono Boost)  
  124  11:09  Zealot x2  
  124  11:11  Zealot  
  131  11:13  Zealot  
  131  11:17  Probe  
  134  11:19  Stalker, Pylon  
  134  11:24  Stalker  
  138  11:27  Stalker  
  138  11:28  Stalker  
  120  11:40  Zealot x4  
  126  11:47  Probe  
  126  11:49  Probe  
  126  11:51  Zealot x4  
  132  12:08  Probe  
  128  12:10  Nexus  
  128  12:12  Warp Prism (Chrono Boost)  
  122  12:17  Zealot x7  
  122  12:18  Robotics Facility  
  136  12:29  Probe x2  
  138  12:30  Pylon  
  138  12:32  Shield Battery  
  138  12:34  Probe  
  138  12:36  Dark Shrine  
  139  12:37  Probe  
  139  12:40  Disruptor (Chrono Boost)  
  143  12:47  Zealot x3  
  143  12:48  Zealot  
  151  12:59  Stalker  
  151  13:00  Stalker x3  
  151  13:02  Shield Battery  
  159  13:06  Disruptor (Chrono Boost)  
  159  13:09  Disruptor  
  159  13:12  Zealot  
  169  13:21  Pylon  
  169  13:26  Zealot x2  
  169  13:27  Zealot x3  
  161  13:44  Stalker x3  
  161  13:47  Disruptor  
  148  13:51  Disruptor  
  126  13:58  Zealot x5  
  128  14:14  Zealot x3  
  110  14:22  Zealot x2  
  110  14:23  Zealot x3  
  98  14:24  Zealot x5  
Show
View Real Time Build Order
Export as new Build Order

Spirit Terran - Winner!

Build Orders: Reaper Expand 

Get SALT Encoding   

  12  0:00  SCV  
  13  0:12  SCV  
  14  0:17  Supply Depot  
  14  0:24  SCV  
  15  0:39  SCV  
  15  0:40  Barracks  
  16  0:44  Refinery  
  16  0:51  SCV  
  17  1:03  SCV  
  18  1:15  SCV  
  19  1:28  Orbital Command, Reaper  
  20  1:48  Command Center  
  21  1:54  Supply Depot, SCV  
  21  2:00  Marine  
  22  2:06  SCV  
  22  2:07  Factory  
  23  2:19  Bunker  
  23  2:22  SCV  
  24  2:23  Barracks Reactor  
  24  2:27  Refinery  
  24  2:34  SCV  
  25  2:46  SCV  
  26  2:53  Hellion  
  26  2:56  Starport  
  28  2:59  SCV  
  28  3:01  Orbital Command  
  28  3:03  Marine x2  
  31  3:11  SCV  
  32  3:15  Widow Mine  
  34  3:20  Marine  
  34  3:21  Marine  
  34  3:23  SCV  
  34  3:26  SCV  
  38  3:33  Medivac  
  40  3:35  Supply Depot, SCV  
  40  3:37  Widow Mine  
  40  3:38  SCV  
  44  3:44  Barracks  
  44  3:47  SCV  
  44  3:48  Marine  
  45  3:52  Supply Depot  
  46  3:57  SCV, Marine  
  46  3:58  Refinery  
  46  3:59  SCV  
  46  4:01  Factory Tech Lab  
  49  4:04  Starport Tech Lab  
  49  4:09  SCV  
  50  4:10  Marine  
  50  4:11  Supply Depot, SCV  
  52  4:20  Siege Tank  
  52  4:21  SCV  
  52  4:23  Raven, SCV  
  59  4:33  SCV  
  59  4:35  SCV  
  59  4:38  Barracks  
  61  4:39  Engineering Bay  
  61  4:41  Supply Depot  
  61  4:44  Marine  
  61  4:45  SCV, Marine  
  64  4:47  SCV  
  68  4:57  SCV  
  67  5:00  SCV  
  67  5:02  Marine x2  
  67  5:05  Terran Infantry Weapons Level 1  
  67  5:06  Marine, Refinery, Stimpack  
  70  5:09  SCV  
  71  5:15  SCV  
  71  5:16  Starport Reactor  
  71  5:17  Supply Depot, Factory Reactor  
  71  5:19  Supply Depot, Marine  
  71  5:20  Marine  
  74  5:23  SCV  
  74  5:24  Marauder  
  74  5:28  SCV, Missile Turret  
  78  5:30  Combat Shield  
  78  5:38  Marine, Marauder  
  78  5:42  SCV  
  82  5:45  Marine  
  82  5:46  Marauder  
  85  5:53  Supply Depot  
  85  5:54  Supply Depot, SCV  
  85  5:55  Medivac x2  
  85  5:56  Widow Mine x2  
  94  6:09  Command Center  
  94  6:14  SCV x2, Marine x2  
  94  6:15  Marauder x2  
  102  6:19  Widow Mine x2  
  102  6:24  Supply Depot  
  106  6:26  Supply Depot  
  106  6:27  Medivac  
  106  6:31  SCV  
  106  6:32  Marine  
  110  6:36  Marauder  
  110  6:42  Widow Mine  
  110  6:45  Marine  
  110  6:46  SCV x2, Marauder  
  111  6:57  Marine  
  111  6:58  Marauder  
  111  7:00  Widow Mine  
  115  7:02  Medivac  
  115  7:03  Marine, Widow Mine  
  115  7:07  Marauder  
  124  7:15  Marine  
  123  7:16  Barracks, Viking  
  123  7:18  SCV, Barracks  
  123  7:19  Marauder  
  123  7:21  SCV, Marine  
  128  7:28  Marine  
  131  7:30  Widow Mine  
  131  7:33  Marine  
  128  7:38  SCV  
  128  7:39  Marine  
  128  7:40  Marauder  
  128  7:43  Medivac  
  132  7:46  Widow Mine  
  132  7:47  Marauder  
  132  7:49  SCV  
  132  7:50  Marine  
  131  7:57  Orbital Command, Marine  
  131  7:58  Terran Infantry Armor Level 1  
  121  8:02  Marauder  
  121  8:04  Medivac  
  109  8:06  SCV  
  109  8:08  Marine, Marauder  
  109  8:12  SCV  
  108  8:14  Marine  
  108  8:18  SCV  
  108  8:19  Medivac  
  109  8:22  Marine  
  109  8:23  SCV  
  109  8:24  SCV  
  109  8:26  Marine  
  113  8:27  Ghost Academy  
  113  8:29  Marine  
  113  8:30  SCV  
  113  8:31  Bunker  
  113  8:32  Marine  
  110  8:34  Barracks Reactor  
  110  8:35  SCV  
  110  8:36  SCV  
  110  8:37  Barracks Tech Lab  
  110  8:40  Marine  
  113  8:46  Widow Mine x2  
  113  8:48  Supply Depot  
  119  8:55  SCV x2, Sensor Tower  
  120  8:58  SCV, Refinery x2  
  120  8:59  Supply Depot  
  120  9:00  Ghost x3  
  120  9:01  Marine x2  
  128  9:08  SCV x2, Armory  
  130  9:10  SCV  
  130  9:11  Marine  
  130  9:12  Marine  
  132  9:19  Marine x2  
  132  9:20  SCV  
  132  9:21  Concussive Shells  
  132  9:22  SCV  
  136  9:26  Command Center, Widow Mine  
  136  9:27  SCV  
  136  9:29  Marine, Marauder  
  136  9:31  Widow Mine, Viking  
  146  9:39  Supply Depot  
  146  9:40  Supply Depot, Engineering Bay  
  146  9:41  Marine, Marauder  
  149  9:52  Supply Depot x2  
  149  10:00  Marine x5, Marauder  
  149  10:02  Marine  
  152  10:18  Marine x5  
  152  10:20  Marine  
  147  10:21  Marine  
  142  10:32  Terran Infantry Armor Level 2, Terran Infantry Weapons Level 2  
  137  10:35  Marine x5  
  137  10:38  SCV x2, Marine  
  137  10:39  SCV, Marine  
  136  10:48  Viking x2  
  132  10:50  Terran Ship Weapons Level 1  
  132  10:51  SCV  
  132  10:52  SCV  
  140  10:59  SCV  
  140  11:03  SCV  
  144  11:05  Planetary Fortress  
  144  11:10  Ghost x3  
  144  11:11  Marine x2  
  141  11:12  SCV  
  141  11:15  SCV  
  141  11:17  SCV  
  145  11:23  Refinery  
  145  11:24  SCV  
  146  11:27  SCV  
  146  11:29  SCV  
  148  11:36  SCV, Marine  
  148  11:39  Marine, Ghost x2  
  141  11:40  Marine, Marauder  
  141  11:42  Viking  
  141  11:43  Marine, Viking  
  141  11:46  SCV x3  
  144  11:48  SCV  
  141  11:54  Marine  
  141  11:56  Marine  
  141  11:58  Starport  
  141  12:01  Marine, Marauder  
  143  12:03  Marine  
  143  12:08  Marauder x2  
  148  12:10  SCV  
  148  12:12  Marine, Viking  
  148  12:13  Viking  
  148  12:14  Marine  
  155  12:18  SCV x2  
  155  12:19  Marine  
  155  12:20  Marine  
  155  12:21  Ghost  
  155  12:22  Refinery, Command Center  
  161  12:24  Refinery  
  161  12:29  Marauder x2  
  165  12:39  Starport Reactor  
  165  12:40  Barracks  
  165  12:41  Barracks  
  165  12:42  Barracks, Viking  
  165  12:43  Marine  
  168  12:51  Marauder x3  
  174  12:56  Marine  
  174  12:57  Marine  
  176  13:04  Marine  
  177  13:07  Marine, Viking  
  177  13:12  Marauder x2  
  184  13:16  Viking x2  
  184  13:17  Supply Depot  
  184  13:19  Missile Turret  
  188  13:31  Marine  
  188  13:33  Marine  
  181  13:39  Viking  
  181  13:40  Marine, Viking  
  186  13:43  Marine  
  186  13:47  Marine  
  182  13:51  Viking x2  
  167  14:11  Marine  
Tags
 
Add a new tag
Caveats
  • Supply blocks, unpowered buildings, or Contaminate may cause inaccurate times.
  • Supply counts are checked every 10 seconds.